 Dungeon Crawl Stone Soup version 0.27-a0-1193-g8631133539 (webtiles) character file.

Game seed: 1526030399051835540

4139 Delamore the Basher (level 10, 0/59 HPs)
             Began as a Gargoyle Fighter on May 26, 2021.
             Was an Elder of Okawaru.
             Slain by a gnoll sergeant
             ... wielding a +4 trident of pain
              (3 damage)
             ... on level 7 of the Dungeon.
             The game lasted 00:10:05 (9351 turns).

Delamore the Basher (Gargoyle Fighter)              Turns: 9351, Time: 00:10:05

Health: 0/59       AC: 22    Str: 24    XL:     10   Next: 27%
Magic:  10/10      EV:  5    Int:  8    God:    Okawaru [****..]
Gold:   291        SH: 10    Dex:  9    Spells: 9/9 levels left

rFire    . . .     SeeInvis .   b - +0 whip (freeze)
rCold    . . .     Faith    .   c - +1 kite shield
rNeg     + . .     Spirit   .   q - +0 storm dragon scales
rPois    ∞         Reflect  .   (no helmet)
rElec    +         Harm     .   y - +0 cloak
rCorr    .         Rampage  .   n - +0 pair of gloves
Will     .....                  g - +0 pair of boots
Stlth    ..........             (no amulet)
HPRegen  0.19/turn              (no ring)
MPRegen  0.12/turn              (no ring)

@: mighty, flying
A: sickness immunity, AC +7, negative energy resistance 1, electricity
resistance, torment resistance 1, petrification resistance
a: Renounce Religion, Heroism


You were on level 7 of the Dungeon.
You worshipped Okawaru.
Okawaru was greatly pleased with you.
You visited 2 branches of the dungeon, and saw 8 of its levels.

You collected 460 gold pieces.
You spent 169 gold pieces at shops.

Inventory:

Hand Weapons
 b - a +0 whip of freezing (weapon)
 w - a +2 mace of protection
Missiles
 t - 4 poisoned darts
 u - 12 boomerangs (quivered)
 v - 2 curare-tipped darts
 z - a throwing net
 B - 4 boomerangs of dispersal
Armour
 c - a +1 kite shield (worn)
 g - a +0 pair of boots (worn)
 j - a +0 buckler
 n - a +0 pair of gloves (worn)
 q - +0 storm dragon scales (worn)
 y - a +0 cloak (worn)
Jewellery
 a - a ring of resist corrosion
Wands
 k - a wand of flame (12)
Scrolls
 e - a scroll of immolation
 f - 4 scrolls of magic mapping
 i - a scroll of vulnerability
 m - 2 scrolls of enchant armour
 r - a scroll of enchant weapon
 s - a scroll of noise
Potions
 d - a potion of might
 h - a potion of degeneration
 o - 3 potions of brilliance
 p - a potion of mutation


   Skills:
 - Level 5.0 Fighting
 * Level 13.6 Maces & Flails
 - Level 3.2 Armour
 + Level 3.8 Shields


You had 9 spell levels left.
You didn't know any spells.
Your spell library contained the following spells:

 Spells                   Type           Power      Damage    Failure   Level
 Corona                   Hex            0%         N/A       100%        1
 Ensorcelled Hibernation  Hex/Ice        0%         N/A       100%        2
 Poisonous Vapours        Pois/Air       0%         N/A       100%        2
 Confusing Touch          Hex            0%         N/A       100%        3
 Conjure Flame            Conj/Fire      0%         6-21      100%        3
 Dazzling Flash           Conj/Hex       0%         N/A       100%        3
 Mephitic Cloud           Conj/Pois/Air  0%         N/A       100%        3
 Swiftness                Air            0%         N/A       100%        3
 Tukima's Dance           Hex            0%         N/A       100%        3
 Metabolic Englaciation   Hex/Ice        0%         N/A       100%        5
 Freezing Cloud           Conj/Ice/Air   0%         6-21      100%        6


Dungeon Overview and Level Annotations

Branches:
Dungeon (7/15)             Temple (1/1) D:5

Altars:
Ashenzari
Cheibriados
Elyvilon
Hepliaklqana
Kikubaaqudgha
Makhleb
Nemelex Xobeh
Okawaru
Trog
Uskayaw
Vehumet
Yredelemnul

Shops:
D:2 *   D:4 *

Annotations:
D:4 1 runed translucent door, MeekVeins's ghost, amateur GrGl


Innate Abilities, Weirdness & Mutations

You are immune to sickness and miasma.
Your stone body is resilient. (AC +7)
You are immune to poison.
You resist negative energy. (rN+)
You are resistant to electric shocks. (rElec)
You are resistant to unholy torment.
You are immune to petrification.


Message History

The hound closely misses your necrophage.
The gnoll hits your wight with a +0 halberd.
Something hits your wight! The necrophage hits your wight.
The hound barely misses your necrophage.
Your necrophage barely misses the hound.
The hound bites your necrophage.
Your wight closely misses the necrophage.
The gnoll hits your wight with a +0 whip.
Your wight hits Joseph with a +4 short sword.
Your wight hits Joseph with a +0 mace! Your necrophage hits the hound.
Okay, then.
Your wight hits the gnoll with a +0 halberd!
Your wight drains the gnoll.
The gnoll dies!
Okawaru accepts your kill.
Joseph unwields a +0 quarterstaff.
Joseph wields a +0 hunting sling.
Joseph shoots a sling bullet.
The sling bullet hits your wight.
Your wight is destroyed!
Your wight hits Joseph but does no damage.
Your necrophage misses the hound.
It was a potion of flight.
You feel very buoyant.
You fly up into the air.
Joseph shoots a sling bullet.
The sling bullet misses your wight.
The sling bullet misses the hound.
The sling bullet hits you but does no damage.
Your wight hits Joseph with a +0 flail. Your wight hits Joseph with a +0 mace.
Joseph dies!
Okawaru is honoured by your kill.
You feel very mighty all of a sudden. The hound bites you but does no damage.
Your wight completely misses the hound.
The hound barely misses you.
The necrophage hits you but does no damage.
You closely miss the necrophage.
Your necrophage barely misses the hound.
You block the hound's attack.
Your wight completely misses the hound.
The necrophage hits you but does no damage.
You closely miss the necrophage. You block the hound's attack.
Your necrophage closely misses the hound.
The gnoll sergeant hits you from afar with a +4 trident of pain.
You die...

#....>.......[...≈.
#......z#!.......≈≈
##......###........≈
##.....#)##.....##...
.....z.#z....#### ...
####g.z....## ...
##ggz.#### . #nhn..#
#@....# ###.### ###


You could see a necrophage, a gnoll sergeant (ally target), a hound (drained,
ally target), 2 gnolls, a friendly necrophage (summoned) and 4 friendly wights.

Vanquished Creatures
  Pikel (D:5)
  Maggie (D:7)
  Grinder (D:6)
  Sigmund (D:6)
  Edmund (D:6)
  Duvessa (D:7)
  3 black bears
  3 ice beasts
  3 ogres
  A centaur (D:5)
  A phantom (D:5)
  2 gnoll sergeants
  A bullfrog (D:6)
  A wyvern zombie (D:7)
  2 scorpions
  A water moccasin zombie (D:5)
  Dowan (D:6)
  4 wights
  A howler monkey (D:6)
  A centaur zombie (D:7)
  A bullfrog zombie (D:6)
  A jelly (D:6)
  Crazy Yiuf (D:6)
  2 bullfrog skeletons
  A centaur skeleton (D:6)
  A gnoll shaman (D:7)
  Natasha (twice) (D:4)
  2 iguanas (D:6)
  An orc wizard (D:7)
  4 killer bee zombies
  2 howler monkey zombies
  18 gnolls
  11 adders
  2 shadow imps
  A white imp (D:7)
  An ufetubus (D:6)
  An adder skeleton (D:5)
  A worm (D:3)
  2 dart slugs
  16 orcs
  3 endoplasms
  3 giant cockroaches
  16 goblins
  4 hobgoblins
  21 jackals
  5 kobolds
  A quokka (D:1)
  3 ball pythons
  3 bats
  A frilled lizard (D:2)
  5 rats
167 creatures vanquished.

Vanquished Creatures (collateral kills)
  Joseph (D:7)
  A gnoll (D:7)
2 creatures vanquished.

Vanquished Creatures (others)
  A hound (D:7)
1 creature vanquished.

Grand Total: 170 creatures vanquished

Notes
Turn   | Place    | Note
-------+----------+-------------------------------------------
     0 | D:1      | Delamore the Gargoyle Fighter began the quest for the Orb.
     0 | D:1      | Reached XP level 1. HP: 14/14 MP: 1/1
    38 | D:1      | Reached XP level 2. HP: 4/19 MP: 2/2
   974 | D:1      | Reached skill level 3 in Maces & Flails
  1129 | D:1      | Reached XP level 3. HP: 24/24 MP: 3/3
  1763 | D:2      | Found Giugycvo's Assorted Antiques.
  1788 | D:2      | Bought a scroll labelled ORARUAZX ERRO for 27 gold pieces
  1788 | D:2      | Bought a scroll labelled OVUUKLYSTRE for 27 gold pieces
  1788 | D:2      | Bought a scroll labelled DURAFR LIFF for 27 gold pieces
  1788 | D:2      | Bought a metallic coppery potion for 24 gold pieces
  1897 | D:2      | Reached XP level 4. HP: 24/29 MP: 4/4
  2519 | D:3      | Reached skill level 4 in Maces & Flails
  2733 | D:3      | Reached XP level 5. HP: 34/34 MP: 5/5
  2737 | D:3      | Identified Zotikluxt's Almanac of the Bewitching Birds
  2868 | D:2      | Bought a lumpy pink potion for 24 gold pieces
  2914 | D:4      | Found a runed translucent door.
  2933 | D:4      | Noticed MeekVeins's ghost (amateur GrGl)
  3269 | D:4      | Noticed Natasha
  3273 | D:4      | Killed Natasha
  3368 | D:4      | Found Athol's General Store.
  3373 | D:4      | Bought a scroll of identify for 20 gold pieces
  3384 | D:4      | Noticed an ogre
  3661 | D:4      | Noticed an ogre
  3667 | D:4      | Killed an ogre
  3668 | D:4      | Reached skill level 5 in Fighting
  3668 | D:4      | Reached skill level 5 in Maces & Flails
  3668 | D:4      | Reached XP level 6. HP: 15/40 MP: 6/6
  4288 | D:4      | Noticed Natasha
  4298 | D:4      | Killed Natasha
  4377 | D:4      | Found a white marble altar of Elyvilon.
  4387 | D:4      | Reached skill level 6 in Maces & Flails
  4509 | D:4      | Found an ancient bone altar of Kikubaaqudgha.
  4843 | D:5      | Entered Level 5 of the Dungeon
  4921 | D:5      | Reached XP level 7. HP: 44/44 MP: 7/7
  4935 | D:5      | Reached skill level 7 in Maces & Flails
  4995 | D:5      | Found a staircase to the Ecumenical Temple.
  4995 | D:5      | Noticed Pikel
  5010 | D:5      | Killed Pikel
  5011 | D:5      | Reached skill level 8 in Maces & Flails
  5011 | D:5      | Reached XP level 8. HP: 39/49 MP: 8/8
  5029 | D:5      | Reached skill level 9 in Maces & Flails
  5034 | Temple   | Entered the Ecumenical Temple
  5150 | Temple   | Became a worshipper of Warmaster Okawaru
  5300 | D:5      | Found a bloodstained altar of Trog.
  5738 | D:5      | Reached * piety under Okawaru
  5739 | D:5      | Reached skill level 10 in Maces & Flails
  6231 | D:6      | Reached XP level 9. HP: 54/54 MP: 9/9
  6258 | D:6      | Found a hide-covered altar of Uskayaw.
  6323 | D:6      | Reached skill level 11 in Maces & Flails
  6473 | D:6      | Noticed Sigmund
  6486 | D:6      | Killed Sigmund
  6486 | D:6      | Reached ** piety under Okawaru
  6748 | D:6      | Noticed Edmund
  6777 | D:6      | Killed Edmund
  6848 | D:6      | Noticed Grinder
  6861 | D:6      | Paralysed by Grinder for 3 turns
  6877 | D:6      | Paralysed by Grinder for 2 turns
  6886 | D:6      | Killed Grinder
  6887 | D:6      | Reached skill level 12 in Maces & Flails
  7271 | D:6      | Reached *** piety under Okawaru
  7446 | D:6      | Found a runed translucent door.
  7447 | D:6      | Noticed Crazy Yiuf
  7694 | D:6      | Killed Crazy Yiuf
  7827 | D:4      | Bought a scroll of identify for 20 gold pieces
  8429 | D:7      | Noticed Duvessa
  8429 | D:7      | Noticed Dowan
  8439 | D:7      | Noticed Maggie
  8449 | D:7      | Killed Duvessa
  8495 | D:7      | Killed Maggie
  8496 | D:7      | Reached skill level 13 in Maces & Flails
  8496 | D:7      | Reached XP level 10. HP: 23/59 MP: 10/10
  8511 | D:6      | Killed Dowan
  8842 | D:7      | Reached **** piety under Okawaru
  9314 | D:7      | Noticed Joseph
  9344 | D:7      | HP: 2/59 [gnoll sergeant/+4 trident of pain (8)]
  9348 | D:7      | Killed Joseph
  9351 | D:7      | Slain by a gnoll sergeant

Illustrated notes

Levels and vault maps discovered:
D:1:      dpeg_arrival_pits, layout_basic
D:2:      layout_basic, serial_shops, nicolae_shop_competitors_out_of_business
D:3:      layout_loops_cross, hangedman_abyss_or_decor_stabs
D:4:      layout_basic, grunt_temple_overflow_open,
          ebering_ghost_reflecting_pool, serial_shops, kennysheep_little_box,
          uniq_natasha
D:5:      layout_rooms, old_standard_altar, minmay_temple_entry_large_hall,
          minmay_quadrilaterals, uniq_pikel
D:6:      minmay_chambers_of_fours, layout_basic, lemuel_tele_altar,
          minivault_11, minivault_4, uniq_crazy_yiuf_cottage, uniq_sigmund,
          uniq_grinder, uniq_edmund
D:7:      layout_cave_pools, serial_gnoll_camp, gnoll_camp_mini_doghouse,
          gnoll_camp_mini_basic, gnoll_camp_medium_02, gnoll_camp_huts_moat,
          gnoll_camp_mini_house, uniq_joseph, uniq_maggie, uniq_duvessa
Temple:   eino_temple_scatter_basement

Skill      XL: |  1  2  3  4  5  6  7  8  9 |
---------------+----------------------------+-----
Maces & Flails | 3 4 5 6 8 10 13 | 13.6
Fighting       | 4 5 |  5.0
Armour         | |  3.2
Shields        | |  3.8

Action                   |  1- 3 |  4- 6 |  7- 9 | 10-12 || total
-------------------------+-------+-------+-------+-------++-------
Melee: Flail             |   122 |   185 |    25 |       ||   332
       Whip              |       |       |   479 |   157 ||   636
Throw: Dart              |       |    18 |    31 |       ||    49
       Throwing net      |       |       |     1 |       ||     1
       Boomerang         |       |       |     1 |       ||     1
Invok: Heroism           |       |       |     1 |       ||     1
  Use: Scroll            |     4 |     7 |     1 |     1 ||    13
       Potion            |       |       |     4 |     4 ||     8
Armor: Scale mail        |    92 |    57 |       |       ||   149
       Storm dragon scal |       |    51 |   220 |    89 ||   360
Dodge: Dodged            |    52 |    69 |   117 |    42 ||   280
Block: Kite shield       |    33 |       |       |    43 ||    76
       Buckler           |     6 |    40 |    57 |     9 ||   112

Table legend: (Time is in decaauts)
 A = Elapsed time spent in this place.
 B = Non-inter-level travel time spent in this place.
 C = Inter-level travel time spent in this place.
 D = Time resting spent in this place.
 E = Time spent auto-exploring this place.
 F = Levels seen in this place.
 G = Mean time per level.
                   A        B        C        D        E       F      G
               +--------+--------+--------+--------+--------+-----+--------+
         Total |   9175 |   8768 |    407 |   1572 |   5584 |   8 | 1146.9 |
       Dungeon |   9037 |   8668 |    369 |   1572 |   5487 |   7 | 1291.0 |
        Temple |    137 |     99 |     38 |      0 |     97 |   1 |  137.0 |
               +--------+--------+--------+--------+--------+-----+--------+

Top non-repeatable levels by time:
     D:6: 2042 daAuts
     D:4: 1788 daAuts
     D:1: 1344 daAuts
     D:5: 1211 daAuts
     D:3: 1078 daAuts
     D:7: 825 daAuts
     D:2: 746 daAuts
  Temple: 137 daAuts
